[Event "Early-Titled-Tuesday-Blitz-March-05-2024"]
[Site "Chess.com"]
[Date "2024.03.05"]
[Round "2"]
[White "Szparu"]
[Black "ivanquiroga"]
[Result "0-1"]
[WhiteElo "2769"]
[BlackElo "2552"]
[TimeControl "180+1"]
[EndTime "8:19:15 PST"]
[Termination "ivanquiroga won by checkmate"]

1. e4 e5 2. Nc3 Nc6 3. Bc4 Nf6 4.
d3 Na5 5. Nge2 Be7 6. O-O Nxc4 7.
dxc4 d6 8. Qd3 O-O 9. h3 Be6 10.
b3 Nd7 11. Be3 Kh8 12. Rad1 f5 13. exf5 Bxf5 14. Qd2 c6 15. Ng3 Bg6 16. Nge4 Nf6 17. Nxd6 Bxd6 18. Qxd6 Qxd6 19. Rxd6 Bxc2 20. Re6 e4 21.
Bd4 Rae8 22. Rxe8 Rxe8 23. Bxa7 Rd8 24. Rc1 Bd3 25. Rd1 Rd7 26. Bb8 Kg8 27. Be5 Bc2 28. Re1 Re7 29. Bd4 Kf7 30. g4 h6 31. Kg2 Bd3 32.
Kg3 g5 33. Na4 Nd7 34. Nb2 Bc2 35. Re2 Bb1 36. Na4 b5 37. cxb5 cxb5 38. Nc3 Bd3 39. Re3 Re6 40. f4 Rd6 41. Be5 Nxe5 42. fxe5 Re6 43.
Nxe4 Rxe5 44. Nd6+ Ke6 45. Rxe5+ Kxe5 46. Nf7+ Kf6 47.
Nd8 Be4 48. a4 b4 49. a5 Ke7 50. h4 Kxd8 51. hxg5 hxg5 52. Kf2 Bc2 53. Ke3 Bxb3 54.
Kd4 Be6 55. Ke5 Bxg4 56. Kf6 b3 57. Kxg5 Bf3 58. Kf4 Ba8 59. Ke3 b2 60. Kd2 b1=Q 61. Kc3 Qb5 62. Kd4 Qxa5 63. Ke3 Qd5 64. Kf2 Kd7 65. Kg3 Kd6 66. Kf4 Bb7 67. Kg4 Ba6 68. Kf4 Qe5+ 69. Kf3 Ke6 70. Kf2 Qe4 71. Kg3 Kf5 72. Kf2 Kf4 73. Kg1 Qe2 74. Kh1 Bb7+ 75.
Kg1 Qg2# 0-1

[Event "Early-Titled-Tuesday-Blitz-March-05-2024"]
[Site "Chess.com"]
[Date "2024.03.05"]
[Round "2"]
[White "Anton_Demchenko"]
[Black "Levanzovsky"]
[Result "1-0"]
[WhiteElo "2898"]
[BlackElo "2418"]
[TimeControl "180+1"]
[EndTime "8:19:15 PST"]
[Termination "Anton_Demchenko won on time"]

1. e4 g6 2. d4 Nf6 3. e5 Nh5 4. Nf3 d6 5. Bc4 d5 6. Be2 Bg4 7. h3 Bxf3 8. Bxf3 Ng7 9. c3 c6 10. Be2 e6 11. Nd2 Nf5 12. Bd3 c5 13. Nf3 cxd4 14. cxd4 Nc6 15. Bxf5 gxf5 16. O-O Qb6 17. a3 Be7 18. b4 Rg8 19. Be3 O-O-O 20. Qd3 Kb8 21. Rfc1 Rg6 22. g3 h5 23. h4 Rg4 24.
Kh2 Rdg8 25. Rd1 a6 26. Rab1 Qb5 27. Qc2 Na7 28. a4 Qc6 29. Qb3 Rc8 30. Rdc1 Qd7 31. Rxc8+ Nxc8 32. b5 a5 33. Bd2 Nb6 34. Bxa5 Nc4 35.
Bb4 f4 36. a5 fxg3+ 37. fxg3 Re4 38. a6 Re2+ 39. Kh3 b6 40. Bxe7 Qxe7 41. Rf1 Ne3 42. Re1 Rxe1 43. Nxe1 Ng4 44. Qc3 Nf2+ 45. Kg2 Ne4 46.
Qc6 Qd8 47. Nd3 Qc7 48. Nf4 Qxc6 49. bxc6 Nc3 50. Nxh5 Nb5 51. Nf4 Nxd4 52. h5 Nf5 53. g4 Nh6 54. g5 Nf5 55. h6 1-0

[Event "Early-Titled-Tuesday-Blitz-March-05-2024"]
[Site "Chess.com"]
[Date "2024.03.05"]
[Round "2"]
[White "crosky"]
[Black "vladgoncharov"]
[Result "1-0"]
[WhiteElo "2285"]
[BlackElo "2640"]
[TimeControl "180+1"]
[EndTime "8:19:16 PST"]
[Termination "crosky won on time"]

1. d4 Nf6 2. Bg5 e6 3. Nd2 d5 4. e3 h6 5. Bh4 Be7 6. Bd3 b6 7. f4 Bb7 8. Bxf6 Bxf6 9. Ngf3 Nd7 10. O-O a6 11. Ne5 Qe7 12. Qh5 Rf8 13. Qe2 Qd8 14. Ndf3 Be7 15. f5 exf5 16. Bxf5 Nf6 17. Nd2 Qd6 18. c4 dxc4 19. Ndxc4 Qd5 20. Rac1 Rd8 21.
Rc2 a5 22. Bh3 Ba6 23. Rfc1 Ra8 24. b3 Ne4 25. Qe1 Bb4 26. Qh4 f6 27. Bd7+ Ke7 28.
Bc6 Qe6 29. Ng6+ Kf7 30. Nf4 Qf5 31. g4 Qg5 32. Qxg5 Nxg5 33. Bxa8 Rxa8 34. Kg2 Bb7+ 35.
Kf2 Be4 36. Re2 b5 37. Nd2 Bd6 38. Nxe4 Nxe4+ 39. Kg2 g5 40. Nh5 Kg6 41. Ng3 Nxg3 42. hxg3 Re8 43. e4 a4 44. bxa4 bxa4 45. Rc4 a3 46. Ra4 h5 47. gxh5+ Kxh5 48. Ra5 Kg6 49. Kf3 Re7 50. e5 fxe5 51. dxe5 Bb4 52. Rb5 c5 53. g4 Rf7+ 54. Ke4 Rf4+ 55. Kd5 Rd4+ 56. Kc6 Rxg4 57. e6 1-0

[Event "Early-Titled-Tuesday-Blitz-March-05-2024"]
[Site "Chess.com"]
[Date "2024.03.05"]
[Round "2"]
[White "DanielTitichoca"]
[Black "ahkashefi2800"]
[Result "0-1"]
[WhiteElo "2372"]
[BlackElo "2633"]
[TimeControl "180+1"]
[EndTime "8:19:19 PST"]
[Termination "ahkashefi2800 won by checkmate"]

1. c4 c6 2. Nf3 d5 3. e3 Nf6 4.
Nc3 Bg4 5. Qb3 Qb6 6. Qxb6 axb6 7. cxd5 Bxf3 8. gxf3 Nxd5 9. Nxd5 cxd5 10. Bb5+ Nc6 11. b3 e6 12. Bb2 f6 13. Ke2 Bd6 14. Bd4 Bc5 15. Bxc5 bxc5 16. Rhc1 Ke7 17. Rxc5 Rhc8 18. Rac1 Rxa2 19. Bxc6 bxc6 20. Rxc6 Rxc6 21. Rxc6 Rb2 22. Rb6 g5 23. Rb7+ Kd6 24. b4 h5 25. b5 Kc5 26.
Rc7+ Kd6 27. Rb7 Rb3 28. b6 Kc5 29. Rf7 f5 30. b7 Kc6 31. Rf6 Kd6 32. Rh6 Rxb7 33.
Rxh5 Rg7 34. d4 Rg8 35. Kf1 Ke7 36. Rh7+ Kf6 37. Rh6+ Kf7 38. Kg2 Ra8 39. Kg3 Ra1 40. Rh7+ Kg6 41. Re7 Rg1+ 42. Kh3 Kf6 43. Re8 Kf7 44. Rh8 Kg6 45. f4 g4+ 46. Kh4 Rg2 47. Rg8+ Kh6 48. Re8 Rxf2 49. Rxe6+ Kg7 50. Kg3 Rf3+ 51.
Kg2 Kf7 52. Re5 Kf6 53. Rxd5 Rxe3 54. Rd6+ Ke7 55. Rd5 Kf6 56. Re5 Rf3 57. d5 Rxf4 58. Re6+ Kg5 59. d6 Rd4 60. Kg3 Rd2 61. h4+ gxh3 62.
Kxh3 Kf4 63. Rg6 Kf3 64. Rg3+ Ke4 65. Rg6 f4 66. Kg4 Rg2+ 67. Kh5 Rd2 68. Kg4 Rg2+ 69. Kh5 f3 70. d7 Rd2 71. Re6+ Kf5 72. Re7 Rh2# 0-1

[Event "Early-Titled-Tuesday-Blitz-March-05-2024"]
[Site "Chess.com"]
[Date "2024.03.05"]
[Round "2"]
[White "David_George21"]
[Black "The_Machine04"]
[Result "1-0"]
[WhiteElo "2423"]
[BlackElo "2773"]
[TimeControl "180+1"]
[EndTime "8:19:20 PST"]
[Termination "David_George21 won by checkmate"]

1. e4 d6 2. d4 Nf6 3. Nc3 e5 4. dxe5 dxe5 5. Qxd8+ Kxd8 6. Bg5 Be6 7. O-O-O+ Bd6 8.
Bxf6+ gxf6 9. f3 Ke7 10. Nge2 Nd7 11. Ng3 c6 12. Be2 h5 13. Bc4 Rag8 14. Bxe6 fxe6 15. Rd2 Bc5 16. Re1 h4 17. Nf1 Nb6 18. Red1 Rg7 19.
a3 a5 20. Na4 Bd4 21. Nxb6 Bxb6 22. Rd7+ Kf8 23. Rd8+ Bxd8 24. Rxd8+ Ke7 25. Rxh8 Rxg2 26. Kd1 Rf2 27. Nd2 Rxh2 28. c3 b5 29. b3 Kf7 30.
Rc8 h3 31. Kc2 Kg7 32. Rc7+ Kg6 33. Kd3 Rh1 34. Rc8 Kg7 35. Rc7+ Kg6 36. Rc8 Kg5 37. Rh8 Kf4 38. Rh4+ Kg3 39. Rh8 h2 40. Ke2 Rg1 41.
Nf1+ Kf4 42. Rh4+ Kg5 43. Rxh2 Kg6 44. Kf2 Rg5 45. Rg2 Rxg2+ 46. Kxg2 Kg5 47. Kg3 f5 48. exf5 exf5 49. Nd2 Kh5 50. f4 e4 51. Kf2 Kg4 52. Ke3 c5 53. c4 b4 54. axb4 axb4 55.
Nxe4 fxe4 56. Kxe4 Kh5 57. f5 Kg5 58. Ke5 Kh6 59. f6 Kh7 60. Ke6 Kg6 61. f7 Kg5 62.
f8=Q Kh4 63. Qf5 Kg3 64. Ke5 Kg2 65. Ke4 Kh1 66. Kf3 Kg1 67. Qg4+ Kh2 68. Qg2# 1-0

[Event "Early-Titled-Tuesday-Blitz-March-05-2024"]
[Site "Chess.com"]
[Date "2024.03.05"]
[Round "2"]
[White "AEMEffi"]
[Black "Martial2008"]
[Result "0-1"]
[WhiteElo "2328"]
[BlackElo "2661"]
[TimeControl "180+1"]
[EndTime "8:19:22 PST"]
[Termination "Martial2008 won by resignation"]

1. d4 Nf6 2. c4 g6 3. Nc3 Bg7 4. e4 d6 5. h3 O-O 6. Be3 e5 7. d5 Nh5 8. Be2 Nf4 9. Bf3 f5 10. g3 fxe4 11. Bxe4 Nh5 12. Bg2 Nd7 13. Nf3 h6 14.
Ne4 Ndf6 15. Nfd2 Nxe4 16. Nxe4 Nf6 17. Qd2 Kh7 18. g4 b6 19. Nxf6+ Bxf6 20. Be4 Bg5 21.
Qd3 Bxe3 22. Qxe3 Qg5 23. Qxg5 hxg5 24. f3 Kg7 25. Ke2 Rh8 26. b4 a5 27. a3 Bd7 28.
Kf2 Kf6 29. Kg3 Ke7 30. b5 Kf6 31. a4 Rh4 32. Ra2 Rah8 33. Rg2 Kg7 34. Rgh2 Rf8 35. Rg2 Rf4 36. Rgh2 Bc8 37. Re1 Rh8 38. Rhh1 Bd7 39. h4 gxh4+ 40. Rxh4 Rxh4 41. Kxh4 Kf6 42. Kg3 Kg5 43. Re2 Bc8 44. Re1 Bd7 45. Re2 Be8 46. Re1 Bf7 47. Re2 Bg8 48. Re1 Rf7 49. Re2 Rh7 50. Re1 Bf7 51. Kg2 Kf4 52. Rh1 Rxh1 53. Kxh1 Kg3 54. Kg1 g5 55. Kf1 Be8 56. Ke2 Kf4 57.
Kf2 Bd7 58. Bg6 e4 59. fxe4 Bxg4 60. Kg2 Bd1 61. Kf2 Bxa4 0-1

[Event "Early-Titled-Tuesday-Blitz-March-05-2024"]
[Site "Chess.com"]
[Date "2024.03.05"]
[Round "2"]
[White "alvarorodriguezavila"]
[Black "Kotlyar_K"]
[Result "0-1"]
[WhiteElo "2352"]
[BlackElo "2594"]
[TimeControl "180+1"]
[EndTime "8:19:22 PST"]
[Termination "Kotlyar_K won on time"]

1. e4 c5 2. d4 cxd4 3. c3 dxc3 4. Nf3 Nc6 5. Nxc3 d6 6. Bc4 a6 7. O-O Nf6 8. h3 e6 9. Qe2 Be7 10. Rd1 Qc7 11. Bf4 Ne5 12. Bb3 O-O 13. Rac1 Qb8 14.
a4 Bd7 15. Nd4 Ng6 16. Bh2 Rc8 17. f4 Qa7 18. Kh1 Qb6 19. f5 exf5 20. exf5 Ne5 21. Bxe5 dxe5 22. Qxe5 Qb4 23. Nd5 Nxd5 24. Qxd5 Be8 25.
Re1 Rxc1 26. Rxc1 Bf6 27. Nc2 Qe7 28. Re1 Qd7 29. Qf3 Qc7 30. Ne3 Bc6 31. Bd5 Rd8 32.
Bxc6 bxc6 33. b3 Qb6 34. Nc4 Qb4 35. Qe3 h6 36. g4 Bg5 37. Qe2 Qxb3 38. Na5 Qxh3+ 39.
Qh2 Qxg4 40. Nxc6 Qf3+ 41. Qg2 Qxg2+ 42. Kxg2 Rd2+ 43. Kf3 Ra2 44. Re4 Ra3+ 45. Kg4 Bf6 46. Re8+ Kh7 47. Re4 g6 48. Rc4 h5+ 49. Kf4 g5+ 50. Ke4 h4 51. a5 h3 52. Rc2 g4 53.
Kf4 Ra4+ 54. Kg3 Kh6 55. Rc3 Bxc3 0-1

[Event "Early-Titled-Tuesday-Blitz-March-05-2024"]
[Site "Chess.com"]
[Date "2024.03.05"]
[Round "2"]
[White "Manukyan_Artak"]
[Black "Chernov_Alexander_A"]
[Result "1-0"]
[WhiteElo "2530"]
[BlackElo "2322"]
[TimeControl "180+1"]
[EndTime "8:19:22 PST"]
[Termination "Manukyan_Artak won on time"]

1. e4 d6 2. d4 Nf6 3. f3 Nbd7 4. c4 e5 5. d5 Nh5 6. Ne2 Be7 7. g3 Bg5 8. Nbc3 Bxc1 9. Nxc1 O-O 10. Bd3 a6 11.
O-O Qg5 12. Qe2 Nf4 13. Qc2 Nc5 14. b4 Nfxd3 15. Nxd3 Qe3+ 16. Nf2 Nd7 17. Qd3 Qh6 18. Ng4 Qg6 19. Ne3 Qf6 20. Rac1 g6 21. Na4 a5 22.
bxa5 Rxa5 23. Qc2 b6 24. Kg2 Qe7 25. Rf2 Nf6 26. Nc3 Bd7 27. Qb2 Rfa8 28. Ra1 Ra3 29. Nc2 R3a5 30. Nb4 Ne8 31. Qc1 Kg7 32. h4 f5 33. Nc6 Qf6 34. Qg5 Ra3 35. Nb5 R3a4 36.
Qc1 f4 37. g4 Qxh4 38. Kf1 Qh1+ 39. Ke2 Rxa2+ 40. Kd3 Rxa1 41. Qxh1 Rxh1 42. Nca7 Bxb5 43. Nxb5 Ra3+ 44. Nxa3 Ra1 45. Nb5 Ra4 46. Kc3 Ra1 47.
Kb3 Rb1+ 48. Kc3 Re1 49. Kd2 Re3 50. Kc2 Re1 51. Kb3 Re3+ 52. Nc3 Re1 53. Kb4 1-0

[Event "Early-Titled-Tuesday-Blitz-March-05-2024"]
[Site "Chess.com"]
[Date "2024.03.05"]
[Round "2"]
[White "Elsa167"]
[Black "wadsy27"]
[Result "0-1"]
[WhiteElo "2921"]
[BlackElo "2619"]
[TimeControl "180+1"]
[EndTime "8:19:23 PST"]
[Termination "wadsy27 won by checkmate"]

1. d4 d5 2. c4 c6 3. cxd5 cxd5 4. Bf4 Nf6 5. e3 Nc6 6. Nc3 a6 7. Be2 Bf5 8. Nf3 e6 9. Qb3 Nh5 10. Qxb7 Na5 11. Qc7 Nxf4 12. Qxd8+ Rxd8 13. exf4 Rb8 14. O-O-O Bb4 15. Nh4 Bxc3 16. bxc3 Rb1+ 17. Kd2 Rb2+ 18. Ke3 O-O 19. g4 Be4 20. f3 Bc2 21. Rd2 Rc8 22.
Rc1 Rxc3+ 23. Kf2 g5 24. Ng2 gxf4 25. Nxf4 Rxa2 26. Bd3 Bxd3 27. Rxa2 Rxc1 28. Nxd3 Rc3 29. Nf4 Nb3 30. Rxa6 Nxd4 31. Ra8+ Kg7 32. Nh5+ Kh6 33. f4 f5 34. Rg8 fxg4 35. Nf6 Rf3+ 36. Kg2 Rxf4 37.
Nxg4+ Kh5 38. Ne5 Rf5 39. Nd3 Rg5+ 40. Rxg5+ Kxg5 41. Kg3 Kf5 42. Kh4 e5 43. Kg3 e4 44. Nb4 Ke6 45. Kf4 Nf3 46. h3 Ne5 47.
Ke3 Nf3 48. Kf4 Ne5 49. Ke3 Nd3 50. Nc2 Ke5 51. Nd4 Nc5 52. Nc6+ Kd6 53. Nd4 Ne6 54.
Nf5+ Ke5 55. Nh6 d4+ 56. Kf2 e3+ 57. Kf3 Ng5+ 58. Kg3 Ke4 59. Ng4 e2 60. Kf2 d3 61.
h4 Nf3 62. Nf6+ Kd4 63. Kxf3 e1=Q 64. Kf4 Qf1+ 65. Kg4 Qxf6 66. Kh5 Qg6# 0-1

[Event "Early-Titled-Tuesday-Blitz-March-05-2024"]
[Site "Chess.com"]
[Date "2024.03.05"]
[Round "2"]
[White "ChessLebaneseSalah"]
[Black "vovachesss"]
[Result "0-1"]
[WhiteElo "2538"]
[BlackElo "2792"]
[TimeControl "180+1"]
[EndTime "8:19:23 PST"]
[Termination "vovachesss won by checkmate"]

1. e4 c5 2. Nf3 d6 3. d4 cxd4 4.
Nxd4 Nf6 5. Nc3 Nc6 6. Bg5 Bd7 7.
Qd2 Rc8 8. O-O-O Nxd4 9. Qxd4 Qa5 10. Be3 a6 11. f4 e5 12. Qd3 Be7 13. h3 O-O 14. Kb1 Be6 15. Nd5 Bxd5 16. exd5 Nd7 17. Be2 Bf6 18. Bg4 Nc5 19. Qd2 Qxd2 20. Rxd2 Rc7 21.
Re1 Re8 22. Bxc5 Rxc5 23. Bf3 g6 24. Rde2 Rec8 25. c3 exf4 26. Re8+ Kg7 27. Kc2 Be5 28. Rxc8 Rxc8 29. Kd3 b5 30. a4 bxa4 31. Ra1 Rb8 32. Kc2 Rb5 33. Rxa4 a5 34. b3 Rc5 35. c4 h5 36. Kd3 f5 37. Bd1 Kh6 38. Be2 g5 39. b4 axb4 40. Rxb4 g4 41. Rb8 Kg5 42.
Rg8+ Kh4 43. hxg4 fxg4 44. Ke4 Kg3 45. Rg5 Kxg2 46. Rxh5 f3 47. Bd3 f2 48. Rg5 g3 49.
Rf5 Kg1 50. Ke3 Ra5 51. Ke4 g2 52. Ke3 f1=Q 53. Bxf1 gxf1=Q 54. Rxf1+ Kxf1 55. Ke4 Rc5 56. Kd3 Ke1 57. Ke4 Ke2 58. Kf5 Rxc4 59. Ke6 Rc5 60. Kd7 Rxd5 61. Ke6 Rd4 62. Kd7 Kd3 63. Ke6 Ke4 64.
Kd7 d5 65. Ke6 Rc4 66. Kd7 d4 67. Ke6 d3 68. Kf7 Rd4 69. Kg6 d2 70. Kh5 d1=Q+ 71.
Kg6 Qg4+ 72. Kf7 Rd7+ 73. Kf8 Qg7+ 74. Ke8 Qf7# 0-1

[Event "Early-Titled-Tuesday-Blitz-March-05-2024"]
[Site "Chess.com"]
[Date "2024.03.05"]
[Round "2"]
[White "xasid81"]
[Black "ckgchess"]
[Result "0-1"]
[WhiteElo "2584"]
[BlackElo "2901"]
[TimeControl "180+1"]
[EndTime "8:19:24 PST"]
[Termination "ckgchess won by checkmate"]

1. d4 Nf6 2. c3 d5 3. h3 h6 4. Bf4 Bf5 5. Qb3 Qc8 6. e3 e6 7. Nf3 c5 8. Bxb8 Rxb8 9. Qa4+ Nd7 10. Bb5 a6 11. Bxd7+ Qxd7 12. Qxd7+ Kxd7 13. Nbd2 b5 14. Ne5+ Ke8 15. O-O f6 16. Nef3 b4 17. c4 dxc4 18.
Nxc4 Be7 19. Rfd1 Rc8 20. dxc5 Rxc5 21. Nd6+ Bxd6 22. Rxd6 a5 23. Nd4 Ke7 24. Ra6 Rhc8 25. e4 Bg6 26. Nxe6 Rc1+ 27. Rxc1 Rxc1+ 28. Kh2 Bxe4 29. Nxg7 Kf7 30. Ra7+ Kg6 31. g4 Kg5 32. Rxa5+ Kf4 33. Nh5+ Kf3 34. Ng3 Bb1 35. Ra6 f5 36. Rf6 Rc2 37.
Kg1 f4 38. Nh5 Rc1+ 39. Kh2 Kxf2 40. Rxf4+ Ke3 41. Kg3 Be4 42. Kh4 Rc5 43. Rf6 Rc2 44. Re6 Kd4 45. Rxh6 Rxb2 46. Ra6 Bd3 47. Ra5 Bc4 48.
Kg5 Bxa2 49. Ra4 Kc3 50. Nf4 b3 51. h4 Rd2 52. h5 b2 53. Ra3+ Bb3 54. Ra8 b1=Q 55.
Rc8+ Bc4 56. h6 Rd6 57. Rf8 Qb5+ 58. Rf5 Qe8 59. h7 Qe7+ 60. Kh5 Qxh7+ 61. Kg5 Qh6# 0-1

[Event "Early-Titled-Tuesday-Blitz-March-05-2024"]
[Site "Chess.com"]
[Date "2024.03.05"]
[Round "2"]
[White "PeshkaCh"]
[Black "SaqoChess_Twitch"]
[Result "1/2-1/2"]
[WhiteElo "2845"]
[BlackElo "2576"]
[TimeControl "180+1"]
[EndTime "8:19:24 PST"]
[Termination "Game drawn by repetition"]

1. Nf3 d5 2. d4 e6 3. c4 Nf6 4. Nc3 Be7 5. Bg5 O-O 6. e3 h6 7.
Bh4 b6 8. Qc2 Bb7 9. cxd5 Nxd5 10. Bxe7 Qxe7 11. Bd3 Nxc3 12. bxc3 Nd7 13. O-O e5 14. Be4 Bxe4 15. Qxe4 Rfe8 16. Qc6 Qd6 17. Qa4 c5 18. Rad1 cxd4 19. cxd4 e4 20. Nd2 Nf6 21.
Nc4 Qe6 22. Ne5 Ng4 23. Nxg4 Qxg4 24. Rc1 Re6 25. Qd7 Qg5 26. Rc8+ Rxc8 27. Qxc8+ Kh7 28. Rc1 Rg6 29. g3 Rf6 30. Rc7 Qh5 31. Rc1 Qe2 32. Rf1 Qxa2 33. Qb7 Qe6 34. Qxa7 h5 35. Qc7 h4 36.
Qe5 Qxe5 37. dxe5 Re6 38. gxh4 Rxe5 39. Rb1 b5 40. Kg2 Kg6 41. Kg3 Kf6 42. Rb4 Ke6 43. Kf4 f5 44. Kg5 Rd5 45. Kg6 Rd2 46. Rxb5 Rxf2 47. Rb6+ Ke5 48. Rb5+ Ke6 49. Rb6+ Ke7 50. h5 f4 51. exf4 e3 52. Rb3 Rg2+ 53. Kf5 e2 54.
Re3+ Kf7 55. h4 Rh2 56. Kg5 Rg2+ 57. Kf5 Rf2 58. Kg5 Rh2 59. Re4 Rg2+ 60. Kf5 Kg8 61. Re3 Kh7 62. Re6 Rh2 63. Kg5 Rf2 64. Kg4 Rg2+ 65.
Kf5 Rh2 66. Kg5 Rg2+ 67. Kf5 1/2-1/2

[Event "Early-Titled-Tuesday-Blitz-March-05-2024"]
[Site "Chess.com"]
[Date "2024.03.05"]
[Round "2"]
[White "moro182"]
[Black "GameOverBro"]
[Result "1/2-1/2"]
[WhiteElo "2815"]
[BlackElo "2561"]
[TimeControl "180+1"]
[EndTime "8:19:24 PST"]
[Termination "Game drawn - insufficient material"]

1. d4 d6 2. e4 Nf6 3. Nc3 e5 4. dxe5 dxe5 5. Qxd8+ Kxd8 6. Bc4 Ke8 7. f3 c6 8. Be3 Nbd7 9. Nh3 Bc5 10. Ke2 b5 11. Bb3 a5 12. a4 b4 13. Nb1 Ba6+ 14. Kf2 Bxe3+ 15. Kxe3 Nb6 16. Rd1 Ke7 17. Nf2 Rhd8 18.
Nd2 c5 19. c4 bxc3 20. bxc3 c4 21. Bc2 Rd6 22. Nf1 Rad8 23. Rxd6 Rxd6 24. Rb1 Nfd7 25.
g3 Nc5 26. Ra1 Bc8 27. f4 f6 28. Nd2 Bd7 29. fxe5 fxe5 30. Nf3 Kf6 31. Nd2 g5 32. h4 g4 33. Ra3 h5 34. Bd1 Bc6 35. Be2 Bxa4 36. Nxc4 Nxc4+ 37. Bxc4 Rb6 38. Nd3 Nxd3 39. Kxd3 Bb5 40. Bxb5 Rxb5 41. Kc4 Rb1 42. Kd5 Rg1 43.
c4 Rd1+ 44. Kc6 Rd4 45. c5 Rxe4 46. Rxa5 Re3 47. Kb6 Rxg3 48. c6 Ke7 49. Rxe5+ Kd6 50.
Rxh5 Rb3+ 51. Ka5 Kxc6 52. Rg5 g3 53. h5 Kd6 54. h6 g2 55. Rxg2 Rh3 56. Rg6+ Ke7 57.
Kb5 Kf7 58. Rb6 Kg8 59. Kc5 Kh7 60. Kd5 Rxh6 61. Rb7+ Kg6 62. Ke5 Rh5+ 63. Ke6 Rg5 64. Rb6 Kh5 65. Rb1 Kg4 66. Rg1+ Kf4 67. Rf1+ Kg4 68.
Kf6 Ra5 69. Rg1+ Kf4 70. Rg6 Ra6+ 71. Kg7 Rxg6+ 72. Kxg6 1/2-1/2

[Event "Early-Titled-Tuesday-Blitz-March-05-2024"]
[Site "Chess.com"]
[Date "2024.03.05"]
[Round "2"]
[White "Bauman_Guy"]
[Black "Kunalm64"]
[Result "1/2-1/2"]
[WhiteElo "2913"]
[BlackElo "2602"]
[TimeControl "180+1"]
[EndTime "8:19:25 PST"]
[Termination "Game drawn by repetition"]

1. e4 c6 2. d4 d5 3. e5 Bf5 4. h4 h5 5. Bd3 Bxd3 6. Qxd3 Qa5+ 7. Nd2 e6 8. Nf3 Qa6 9. c4 Nd7 10. b3 Ne7 11. O-O Nf5 12. a4 Bb4 13. Ba3 Bxa3 14.
Rxa3 Qb6 15. a5 Qc7 16. Rd1 Qd8 17. g3 Qe7 18. Raa1 O-O 19. Nf1 Rfd8 20. Ne3 Nxe3 21. Qxe3 Nf8 22. Ng5 f6 23. exf6 Qxf6 24. Qe2 dxc4 25.
Qxc4 Rd5 26. a6 bxa6 27. Rxa6 Rad8 28. Rxa7 Rxd4 29. Rxd4 Rxd4 30. Qe2 Rg4 31. Ra8 e5 32. Qc2 g6 33. Rc8 Qf5 34. Qxf5 gxf5 35. Ne6 Kf7 36. Nxf8 Rg8 37. Rc7+ Kxf8 38. Rxc6 Kg7 39. b4 Rb8 40. Rc5 Rxb4 41. Rxe5 Kf6 42. Re8 f4 43. Rf8+ Ke5 44. Rh8 fxg3 45. fxg3 Kf5 46. Kg2 Rb2+ 47. Kh3 Kg6 48.
Rg8+ Kh6 49. Rg5 Rb3 50. Rf5 Ra3 51. Kg2 Rb3 52. Re5 Rc3 53. Kf2 Rb3 54. Re3 Rb2+ 55.
Kf3 Rb4 56. Re4 Rb3+ 57. Kf4 Rb5 58. Re6+ Kg7 59. Re5 Rb4+ 60. Re4 Rb3 61. Re3 Rxe3 62. Kxe3 Kf7 63. Kf3 Ke7 64. Ke3 Kf7 65. Kd3 Ke7 66.
Ke3 Kf7 1/2-1/2

[Event "Early-Titled-Tuesday-Blitz-March-05-2024"]
[Site "Chess.com"]
[Date "2024.03.05"]
[Round "2"]
[White "elmusmolamas"]
[Black "kyuotbi"]
[Result "1-0"]
[WhiteElo "2519"]
[BlackElo "2307"]
[TimeControl "180+1"]
[EndTime "8:19:29 PST"]
[Termination "elmusmolamas won on time"]

1. e4 e5 2. Nf3 Nc6 3. Bc4 Nf6 4. O-O h6 5. Re1 g6 6. c3 Bg7 7. d4 d6 8. dxe5 dxe5 9. Qxd8+ Nxd8 10. Nxe5 Be6 11.
Bxe6 Nxe6 12. Nd3 O-O-O 13. Nf4 Ng5 14. f3 Rhe8 15. Be3 b6 16. Na3 Nd7 17. Rad1 Ne5 18. Kf2 Bf8 19. b4 a5 20. Nc2 Nc4 21. Bd4 Bd6 22.
Nd5 Ne6 23. Bf6 Rd7 24. g3 Kb7 25. Rb1 axb4 26. cxb4 Ra8 27. Ra1 c6 28. Nde3 Be5 29. Bxe5 Nxe5 30. Ke2 Nd4+ 31. Nxd4 Rxd4 32. a3 Rd3 33. a4 Rb3 34. f4 Nd3 35. Red1 Nxb4 36. Rd7+ Ka6 37. Rxf7 Re8 38. e5 c5 39. Rf6 g5 40. a5 Rxe3+ 41. Kxe3 Nd5+ 42. Kf3 Nxf6 43. exf6 Rf8 44. axb6+ Kxb6 45. fxg5 hxg5 46. Kg4 Rxf6 47.
Kxg5 Rd6 48. h4 c4 49. h5 Kc5 50. h6 Rd5+ 51. Kg6 Rd6+ 52. Kg7 Rd7+ 53. Kf8 Rh7 54.
Rh1 c3 55. g4 c2 56. g5 Kd6 57. Kg8 1-0

[Event "Early-Titled-Tuesday-Blitz-March-05-2024"]
[Site "Chess.com"]
[Date "2024.03.05"]
[Round "2"]
[White "bascheyaro"]
[Black "Practical-Play"]
[Result "1-0"]
[WhiteElo "2778"]
[BlackElo "2532"]
[TimeControl "180+1"]
[EndTime "8:19:30 PST"]
[Termination "bascheyaro won on time"]

1. d4 d5 2. c4 Nf6 3. Nc3 dxc4 4. Bg5 a6 5. Bxf6 gxf6 6. e3 b5 7. a4 b4 8. Na2 b3 9. Nc3 Bb7 10. Qh5 e6 11. Nf3 Rg8 12. Bxc4 Rxg2 13. Bxe6 Rg6 14.
Bxb3 Qd7 15. Bd5 Rh6 16. Qxh6 Bxh6 17. Bxb7 Ra7 18. Be4 f5 19. Ne5 Qc8 20. Bd5 c6 21. Bc4 f6 22. Nd3 f4 23. Rg1 Rg7 24. Rxg7 Bxg7 25.
Nxf4 Qg4 26. Nce2 Bf8 27. O-O-O Qd7 28. Rg1 Qb7 29. Rg8 Nd7 30. Ne6 Qb4 31. b3 Qe1+ 32. Kc2 Ke7 33. Nxf8 Nxf8 34. Rg7+ Ke8 35. Rc7 Qxf2 36.
Rxc6 Qxh2 37. Rxf6 Qh3 38. Kd2 Nd7 39. Rxa6 Kd8 40.
a5 Qh4 41. Re6 Qg5 42. a6 Qa5+ 43. Kd3 Kc7 44. Nf4 Nb6 45. a7 Kd7 46. Rxb6 Qxa7 47.
Rh6 Qa1 48. Rxh7+ Kd6 49. Rh6+ Kd7 50. Bb5+ Ke7 51. Nd5+ Kf7 52. Rf6+ Kg7 53. Bc4 Qb1+ 54. Ke2 Qc2+ 55. Kf3 Qd1+ 56. Kf4 Qh1 57. Rf5 Qh2+ 58. Ke4 Qc2+ 59. Ke5 Qh2+ 60. Nf4 Qh6 61. Ne6+ Kh7 62. Ng5+ Kg7 63. Rf7+ Kg6 64. Rf6+ Kxg5 65. Rxh6 1-0

[Event "Early-Titled-Tuesday-Blitz-March-05-2024"]
[Site "Chess.com"]
[Date "2024.03.05"]
[Round "2"]
[White "BilodeauA"]
[Black "awesomevishesh"]
[Result "1/2-1/2"]
[WhiteElo "2991"]
[BlackElo "2620"]
[TimeControl "180+1"]
[EndTime "8:19:33 PST"]
[Termination "Game drawn - insufficient material"]

1. e4 c5 2. Nf3 d6 3. Bb5+ Nd7 4. Ba4 Nf6 5. Qe2 a6 6. c4 e6 7. Nc3 Be7 8. O-O O-O 9. d3 Qc7 10. h3 b6 11. Nh2 Nb8 12. f4 Bd7 13. Bc2 Nc6 14. Nf3 Nd4 15. Nxd4 cxd4 16. Nb1 b5 17. b3 Rac8 18. Nd2 e5 19. f5 d5 20. g4 dxe4 21. dxe4 bxc4 22. Nxc4 Bb5 23. Bd3 Nd7 24. Bd2 Nc5 25.
Rac1 Nxd3 26. Qxd3 Qd8 27. a4 Bxc4 28. Rxc4 Rxc4 29.
Qxc4 Bg5 30. Bb4 Be3+ 31. Kg2 Re8 32. Qxa6 h5 33. f6 hxg4 34. hxg4 Qd7 35. Kh3 d3 36.
Rd1 d2 37. Qe2 Bg5 38. fxg7 Kxg7 39. Kg2 Rh8 40. Bxd2 Rd8 41. Bxg5 Qxd1 42. Kf2 Qxe2+ 43. Kxe2 Rb8 44. Kd3 Rxb3+ 45. Kc4 Rg3 46. Bd2 Rxg4 47. Kd5 Rg2 48. Bc3 f6 49. a5 Rc2 50. Bb4 Rb2 51. Kc4 Ra2 52. Kb3 Re2 53. a6 Rh2 54. a7 Rh8 55.
Bd6 Ra8 56. Bb8 Kg6 57. Kc4 f5 58. exf5+ Kxf5 59. Kd3 e4+ 60. Ke3 Rxa7 61. Bxa7 Ke5 62. Bb8+ Kd5 63. Bg3 Kc6 64. Kxe4 1/2-1/2

[Event "Early-Titled-Tuesday-Blitz-March-05-2024"]
[Site "Chess.com"]
[Date "2024.03.05"]
[Round "2"]
[White "nihalsarin"]
[Black "NovozhilovSemen"]
[Result "1/2-1/2"]
[WhiteElo "3186"]
[BlackElo "2646"]
[TimeControl "180+1"]
[EndTime "8:19:34 PST"]
[Termination "Game drawn by repetition"]

1. e4 c5 2. Nf3 Nc6 3. Bc4 d6 4. O-O Nf6 5. d3 g6 6. h3 Bg7 7.
c3 O-O 8. Re1 e6 9. Bb3 d5 10.
e5 Ne8 11. d4 c4 12. Bc2 f6 13. exf6 Bxf6 14. Bh6 Rf7 15. Nbd2 Nd6 16. Bf4 Rf8 17. Ne5 Bxe5 18. Bxe5 Nxe5 19. Rxe5 Nf7 20. Re3 Re8 21. Nf3 Qf6 22. Ne5 Nxe5 23. Rxe5 Bd7 24. Qd2 b5 25. Rae1 Re7 26. g3 a5 27. a3 Rf8 28. h4 Ref7 29. f4 h5 30. Bxg6 Rg7 31.
Rg5 Rxg6 32. Ree5 Be8 33. Qe2 Rxg5 34. hxg5 Qg6 35. Rxe6 Qd3 36. Qxd3 cxd3 37. Kf2 Kg7 38. Re7+ Bf7 39. Re3 Bg6 40. Re7+ Kg8 41. Re6 Kf7 42. Re5 Re8 43. f5 Rxe5 44. fxg6+ Kxg6 45. dxe5 Kf5 46. Ke3 Kxe5 47. Kxd3 Kf5 48. a4 bxa4 49. Kd4 Kxg5 50. Kxd5 Kg4 51. c4 Kxg3 52. c5 h4 53. c6 a3 54. bxa3 h3 55. c7 h2 56. c8=Q h1=Q+ 57.
Kd6 Qd1+ 58. Ke7 Qe2+ 59. Qe6 Qxe6+ 60. Kxe6 Kf4 61. Kd5 Kf5 62. a4 Kf6 63. Kd6 Kf7 64. Kd7 Kf6 65. Kd6 Kf7 66. Kd7 Kf8 67. Kd8 Kf7 68. Kd7 1/2-1/2